 Dungeon Crawl Stone Soup version 0.30-a0-374-g95c0257040 (webtiles) character file.

Game seed: 13006080309866762366

69 Ottie3000 the Grave Robber (level 4, -5/30 (31) HPs)
             Began as a Vampire Necromancer on Nov 27, 2022.
             Killed by miscasting Vampiric Draining (7 damage)
             ... on level 3 of the Dungeon.
             The game lasted 00:19:31 (1856 turns).

Ottie3000 the Grave Robber (Vampire Necromancer)    Turns: 1856, Time: 00:19:39

HP:   -5/30 (31)    AC:  5    Str: 11    XL:     4   Next: 2%
MP:   4/7           EV: 11    Int: 17    God:
Gold: 79            SH:  0    Dex: 14    Spells: 3/7 levels left

rFire   . . .      SeeInvis +    k - +1 whip of the Leaping Visionary {vorpal, rElec Str+2}
rCold   . . .      Faith    .    (no shield)
rNeg    . . .      Spirit   .    q - +0 ring mail {rPois}
rPois   +          Reflect  .    (no helmet)
rElec   +          Harm     .    (no cloak)
rCorr   .          Rampage  .    (no gloves)
Will    .....                    (no boots)
Stlth   ++........               (no amulet)
HPRegen 0.45/turn                (no ring)
MPRegen 0.10/turn                (no ring)

@: lethally poisoned (-5 -> -10), very slightly contaminated, healing quickly,
lightly drained
A: alive, fangs 3, see invisible, vampiric 2
a: Exsanguinate


You were on level 3 of the Dungeon.
You visited 1 branch of the dungeon, and saw 3 of its levels.

You collected 79 gold pieces.

Inventory:

Hand Weapons
 d - a +0 dagger
 k - the +1 whip of the Leaping Visionary (weapon) {vorpal, rElec Str+2}
   (You found it on level 2 of the Dungeon)

   It inflicts extra damage upon your enemies.
   Str:       It affects your strength (+2).
   rElec:     It insulates you from electricity.
Armour
 a - a +0 robe
 q - a +0 ring mail of poison resistance (worn)
Scrolls
 f - a scroll of noise {unknown}
 i - a scroll of amnesia {unknown}
 m - a scroll of enchant armour {unknown}
 n - a scroll of fog {unknown}
 o - a scroll of brand weapon {unknown}
 p - a scroll of vulnerability {unknown}
Potions
 b - a potion of magic
 c - a potion of invisibility {unknown}
 e - a potion of curing {unknown}
 g - a potion of heal wounds {unknown}
 h - a potion of might {unknown}
 j - a potion of brilliance {unknown}
 l - a potion of degeneration {unknown}


   Skills:
 + Level 0.7 Fighting
 + Level 0.7 Short Blades
 + Level 3.1 Dodging
 + Level 3.7 Stealth
 + Level 0.9 Unarmed Combat
 + Level 2.0 Spellcasting
 + Level 5.0 Necromancy


You had 3 spell levels left.
You knew the following spells:

 Your Spells              Type           Power      Damage    Failure   Level
a - Necrotise             Necr           72%        1d7       6%          1
b - Vampiric Draining     Necr           18%        2d7       19%         3

Your spell library contained the following spells:

 Spells                   Type           Power      Damage    Failure   Level
 Animate Dead             Necr           18%        N/A       52%         4
 Agony                    Necr           18%        N/A       86%         5


Dungeon Overview and Level Annotations

Branches:
Dungeon (3/15)

Altars:
Makhleb
Qazlal
Trog
Vehumet

Annotations:
D:3 1 transporter


Innate Abilities, Weirdness & Mutations

Your natural rate of healing is accelerated.
You have razor-sharp teeth.
You have supernaturally acute eyesight. (SInv)
You are afflicted with vampirism and can become a bat while bloodless.


Message History

You now have 79 gold pieces (gained 7).
Found a stormy altar of Qazlal.
You start resting.
Magic restored.
There is a transporter here.
You enter the transporter and appear at another place.
The orc barely misses you. The water moccasin barely misses you.
You closely miss the water moccasin. Your bite misses the water moccasin.
The orc hits you from afar with a +0 trident.
The ice beast barely misses you. The orc closely misses you.
The water moccasin barely misses you.
You hit the water moccasin.
The water moccasin is lightly wounded.
The water moccasin closely misses you.
The orc hits you from afar with a +0 trident.
The ice beast hits you but does no damage.
The orc hits you but does no damage. The water moccasin bites you.
You are poisoned.
The water moccasin poisons you!
You barely miss the water moccasin.
The water moccasin is lightly wounded.
You feel very sick. The orc closely misses you. The ice beast hits you.
The ice beast freezes you!
* * * LOW HITPOINT WARNING * * *
The orc barely misses you. The water moccasin bites you.
* * * LOW HITPOINT WARNING * * *
Okay, then.
Okay, then.
You can't go up here!
You can't go down here!
Casting: Necrotise (safe; 6% risk of failure)
Confirm with . or Enter, or press ? or * to list all spells.
The spell is quite dangerous to miscast (19% risk of failure)!
Continue anyway?
Aiming: Vampiric Draining (quite dangerous; 19% risk of failure)
Press: ? - help, Shift-Dir - straight line, f - water moccasin
Aim: a water moccasin (lightly wounded)
You miscast Vampiric Draining.
You are very lightly contaminated with residual magic.
You shiver with cold!
You feel drained.
You die...

#.####.# #....#.#####.#
#..#.........# #
##..##...###### #
.......©.....## .
#..#########..# #.#####
#.##8....o8##.# #.#...#
#.#...oSY...#.# ....#
#.#..#.@.#..#.# ## ...
#.#.#.....#.#.# .###.#
#.#©........#.# ..##.###
#.#.#.....#(#.# ..#....#
#.#..#...#..#.# ..'..#.#
#.#..?)$/$..#.# ..##.#.#
#.##8$$_!$8##.# ..#..#.#
#..#########..#
.#####.####.....©.....##


You could see a water moccasin, an ice beast and 2 orcs.

Vanquished Creatures
  Natasha (D:3)
  An adder (D:2)
  A worm (D:2)
  4 bats
  6 endoplasms
  4 goblins
  3 hobgoblins
  4 ball pythons (D:1)
  A frilled lizard (D:1)
  3 kobolds
  3 rats (D:1)
31 creatures vanquished.

Notes
Turn   | Place    | Note
-------+----------+-------------------------------------------
     0 | D:1      | Ottie3000 the Vampire Necromancer began the quest for the
                  | Orb.
     0 | D:1      | Reached XP level 1. HP: 13/13 MP: 3/3
   332 | D:1      | Reached XP level 2. HP: 19/19 MP: 5/5
   984 | D:2      | Found a faded altar of an unknown god.
  1002 | D:2      | Gained mutation: You are afflicted with vampirism and can
                  | become a bat while bloodless. [Vampire growth]
  1002 | D:2      | Reached XP level 3. HP: 7/25 MP: 6/6
  1060 | D:2      | Identified the +1 whip of the Leaping Visionary {vorpal,
                  | rElec Str+2}
  1310 | D:2      | Reached skill level 5 in Necromancy
  1352 | D:2      | Learned a level 3 spell: Vampiric Draining
  1600 | D:3      | Found a burning altar of Makhleb.
  1723 | D:3      | Found a radiant altar of Vehumet.
  1781 | D:3      | Noticed Natasha
  1788 | D:3      | Killed Natasha
  1789 | D:3      | Reached XP level 4. HP: 22/31 MP: 1/7
  1789 | D:3      | Found a bloodstained altar of Trog.
  1790 | D:3      | Found a transporter.
  1792 | D:3      | Noticed a water moccasin
  1794 | D:3      | Noticed an ice beast
  1808 | D:3      | Found a transporter.
  1827 | D:3      | Found a stormy altar of Qazlal.
  1856 | D:3      | Killed by miscasting Vampiric Draining

Illustrated notes

Levels and vault maps discovered:
D:1:      minmay_arrival_radiant_lines, layout_basic
D:2:      layout_rooms, nicolae_ecumenical_pavilion
D:3:      layout_loops_cross, lemuel_round_altar, nicolae_vehumet_altar_sigil,
          nicolae_qazlal_eye_of_the_storm, gammafunk_temple_overflow_arena,
          uniq_natasha

Skill      XL: |  1  2  3 |
---------------+----------+-----
Necromancy     | 5 |  5.0
Dodging        | 3 |  3.1
Fighting       | |  0.7
Short Blades   | |  0.7
Stealth        | |  3.7
Unarmed Combat | |  0.9
Spellcasting   | |  2.0

Action                   |  1- 3 |  4- 6 || total
-------------------------+-------+-------++-------
Melee: Unarmed           |    17 |       ||    17
       Dagger            |    62 |       ||    62
       Bite              |     9 |       ||     9
       Punch             |     1 |       ||     1
       Whip              |    32 |     3 ||    35
 Cast: Necrotise         |     4 |       ||     4
       Vampiric Draining |     2 |       ||     2
  Use: Scroll            |     1 |       ||     1
 Stab: Sleeping          |     2 |       ||     2
Armor: Robe              |    40 |       ||    40
       Ring mail         |       |     2 ||     2
Dodge: Dodged            |   123 |     8 ||   131

Table legend: (Time is in decaauts)
 A = Elapsed time spent in this place.
 B = Non-inter-level travel time spent in this place.
 C = Inter-level travel time spent in this place.
 D = Time resting spent in this place.
 E = Time spent auto-exploring this place.
 F = Levels seen in this place.
 G = Mean time per level.
                   A        B        C        D        E       F      G
               +--------+--------+--------+--------+--------+-----+--------+
         Total |   1858 |   1858 |      0 |    103 |      0 |   3 |  619.3 |
       Dungeon |   1858 |   1858 |      0 |    103 |      0 |   3 |  619.3 |
               +--------+--------+--------+--------+--------+-----+--------+

Top non-repeatable levels by time:
     D:1: 983 daAuts
     D:2: 574 daAuts
     D:3: 300 daAuts
